 Dungeon Sprint DCSS version 0.24.1-14-gf8d2b509d9 (webtiles) character file.

Game seed: 2742943892018169060, levelgen mode: deterministic

2881 HendSelp the Thaumaturge (level 9, -4/76 HPs)
             Began as a Gnoll Skald on Apr 11, 2022.
             Was an Elder of Okawaru.
             Slain by a merfolk
             ... wielding a +0 trident
              (14 damage)
             ... in the Dungeon (Sprint V: "Ziggurat Sprint").
             The game lasted 00:04:40 (703 turns).

HendSelp the Thaumaturge (Gnoll Skald)               Turns: 703, Time: 00:04:40

Health: -4/76      AC: 12    Str: 21    XL:     9   Next: 76%
Magic:  2/22       EV: 20    Int: 16    God:    Okawaru [****..]
Gold:   0          SH:  0    Dex: 26    Spells: 16/27 levels left

rFire    . . .     SeeInvis .   A - +11 plutonium sword {*Contam Stlth-}
rCold    . . .     Gourm    .   (shield currently unavailable)
rNeg     . . .     Faith    .   D - quicksilver dragon scales
rPois    .         Spirit   .   (no helmet)
rElec    .         Reflect  .   (no cloak)
rCorr    .         Harm     .   (no gloves)
MR       +....     NoTele   +   (no boots)
Stlth    +++.......             b - amulet "Ved Geithrasch" {+Rage Str+4}
HPRegen  0.22/turn              w - +6 ring of dexterity
MPRegen  0.18/turn              x - +6 ring of dexterity

@: infused, singing
A: distributed training, fangs 1, strong nose
a: Heroism, Renounce Religion, Evoke Berserk Rage


You were in the Dungeon.
You worshipped Okawaru.
Okawaru was greatly pleased with you.
You were hungry.

You visited 1 branch

Inventory:

Hand Weapons
 A - the +11 plutonium sword (weapon) {*Contam Stlth-}
   (You found it in the Dungeon)

   It causes magical contamination when unequipped.
   It makes you less stealthy.
Armour
 B - the +15 Maxwell's patent armour {-Cast -Tele rElec MR+ rCorr}
   (You found it in the Dungeon)

   It insulates you from electricity.
   It affects your resistance to hostile enchantments.
   It prevents spellcasting.
   It prevents most forms of teleportation.
   It provides partial protection from all sources of acid and corrosion.
 C - the +18 shield of the Gong {rElec rN+ MR+ EV-5}
   (You found it in the Dungeon)

   It affects your evasion (-5).
   It insulates you from electricity.
   It protects you from negative energy.
   It affects your resistance to hostile enchantments.
 D - quicksilver dragon scales (worn)
Jewellery
 b - the amulet "Ved Geithrasch" (around neck) {+Rage Str+4}
   (You found it in the Dungeon)

   [amulet of rage]

   It affects your strength (+4).
   It lets you go berserk.
 w - a +6 ring of dexterity (left hand)
 x - a +6 ring of dexterity (right hand)
Wands
 v - a wand of disintegration (7)
 y - a wand of iceblast (7)
 z - a wand of acid (7)
Scrolls
 j - 4 scrolls of blinking
 m - 2 scrolls of brand weapon
 p - 4 scrolls of amnesia
 q - 7 scrolls of fog
 r - a scroll of holy word
 s - 5 scrolls of identify
 t - 4 scrolls of remove curse
 u - 2 scrolls of fear
Potions
 c - 2 potions of brilliance
 e - 10 potions of curing
 f - 10 potions of heal wounds
 g - 6 potions of haste
 h - 7 potions of magic
 i - 3 potions of berserk rage
 k - 2 potions of invisibility
 l - 4 potions of resistance
 n - 5 potions of agility
 o - 5 potions of might
Comestibles
 d - 7 rations


   Skills:
 + Level 9.2 Fighting
 + Level 8.0 Short Blades
 + Level 9.2 Long Blades
 + Level 8.0 Axes
 + Level 8.0 Maces & Flails
 + Level 8.0 Polearms
 + Level 8.0 Staves
 + Level 8.0 Slings
 + Level 8.0 Bows
 + Level 8.0 Crossbows
 + Level 8.0 Throwing
 + Level 8.4 Armour
 + Level 9.2 Dodging
 + Level 8.0 Stealth
 + Level 8.0 Shields
 + Level 8.0 Unarmed Combat
 + Level 9.5 Spellcasting
 + Level 6.6 Conjurations
 + Level 6.6 Hexes
 + Level 8.7 Charms
 + Level 6.6 Summonings
 + Level 6.6 Necromancy
 + Level 6.6 Translocations
 + Level 6.6 Transmutations
 + Level 6.6 Fire Magic
 + Level 6.6 Ice Magic
 + Level 6.6 Air Magic
 + Level 6.6 Earth Magic
 + Level 6.6 Poison Magic
 + Level 8.7 Invocations
 + Level 8.0 Evocations


You had 16 spell levels left.
You knew the following spells:

 Your Spells              Type           Power        Failure   Level  Hunger
a - Infusion              Chrm           ####         1%          1    None
b - Song of Slaying       Chrm           #####...     1%          2    None
c - Shroud of Golubria    Chrm/Tloc      ####..       1%          2    None
d - Regeneration          Chrm/Necr      ####......   1%          3    None
e - Spectral Weapon       Hex/Chrm       ####....     1%          3    None

Your spell library contained the following spells:

 Spells                   Type           Power        Failure   Level  Hunger


Dungeon Overview and Level Annotations

Branches:
Dungeon (1/1)

Altars:
Ashenzari
Cheibriados
Dithmenos
Elyvilon
Fedhas
Gozag
Hepliaklqana
Kikubaaqudgha
Makhleb
Nemelex Xobeh
Okawaru
Qazlal
Ru
Sif Muna
Trog
Uskayaw
Vehumet
Wu Jian
Xom
Yredelemnul
Zin
The Shining One
Beogh
Jiyva
Lugonu

Annotations:
D 1 transporter


Innate Abilities, Weirdness & Mutations

Your experience applies equally to all skills.
You have very sharp teeth.
Your uncanny sense of smell can sniff out nearby items.


Message History

Your Crossbows skill increases to level 8!
Your Throwing skill increases to level 8!
Your Stealth skill increases to level 8!
Your Shields skill increases to level 8!
Your Unarmed Combat skill increases to level 8!
Your Evocations skill increases to level 8!
Your skin stops crawling.
The merfolk completely misses you.
Unknown command.
Unknown command.
The merfolk misses you.
You riposte.
You barely miss the merfolk. You bite the merfolk.
The merfolk is lightly wounded.
You see here 3 large rocks.
Unknown command.
You slice the merfolk like a ripe choko!!!
You bite the merfolk, but do no damage.
The merfolk is almost dead.
The merfolk hits you with a +0 trident!
You die...

▓........▓....)...▓
∆
▓.▓....▓.▓.▓....▓.▓
∆
▓...©....▓...©....▓
▓▓▓▓▓▓▓▓▓▓▓▓▓▓▓▓▓▓▓
▓..8©8..▓ ∆∆∆∆
▓...::..▓ ∆∆∆
▓..}.[..▓ ▓..m....▓
▓..@))..▓ ▓..)(†..▓
▓....(..▓ ▓.▓.(.▓(▓
▓...©(..▓ ▓▓▓▓▓▓▓▓▓
∆∆ ∆∆∆ ∆∆∆


You could see a merfolk.

Vanquished Creatures
  A cyclops (D)
  4 toenail golems (D)
  2 merfolk (D)
  A hippogriff (D)
  A tarantella (D)
  A centaur (D)
  4 scorpions (D)
  3 wights (D)
  2 adder skeletons (D)
  A ball python zombie (D)
  A giant cockroach zombie (D)
  A leopard gecko zombie (D)
  A quokka zombie (D)
23 creatures vanquished.

Notes
Turn   | Place    | Note
-------+----------+-------------------------------------------
     0 | D        | HendSelp the Gnoll Skald began the quest for the Orb.
     0 | D        | Reached XP level 1. HP: 20/20 MP: 6/6
     0 | D        | Found a shimmering blue altar of Sif Muna.
     0 | D        | Found a bloodstained altar of Trog.
     0 | D        | Found a sacrificial altar of Ru.
     0 | D        | Found a stormy altar of Qazlal.
     0 | D        | Found an iron altar of Okawaru.
     1 | D        | Found a sparkling altar of Nemelex Xobeh.
     1 | D        | Found a blossoming altar of Fedhas.
     2 | D        | Found the +6 Majin-Bo {vamp, Archmagi MP+6 Int+6}
     2 | D        | Found the +7 great mace "Firestarter" {inner flame, rF++}
     3 | D        | Found a transporter.
     3 | D        | Found an ancient bone altar of Kikubaaqudgha.
     3 | D        | Found a viscous altar of Jiyva.
     3 | D        | Found a corrupted altar of Lugonu.
     3 | D        | Found a hazy altar of Hepliaklqana.
     3 | D        | Found a burning altar of Makhleb.
     3 | D        | Found an opulent altar of Gozag.
    33 | D        | Found the +6 shillelagh "Devastator" {shatter}
    33 | D        | Found the +11 plutonium sword {*Contam Stlth-}
    33 | D        | Found the +8 lance "Wyrmbane" {slay drac, rPois rF+ rC+
                  | AC+3}
    33 | D        | Found the +9 sword of Zonguldrok {reap}
    33 | D        | Found the cursed +13 scythe of Curses {drain, *Curse}
    33 | D        | Found the +0 sword of Power
    33 | D        | Found the +7 mace of Variability {chain chaos}
    33 | D        | Found the +7 Singing Sword {slice, sonic wave}
    33 | D        | Found the +8 storm bow {elec, penet}
    35 | D        | Found the +9 heavy crossbow "Sniper" {velocity, Acc+∞ SInv}
    35 | D        | Found the +10 dark maul {crush}
    35 | D        | Found the +15 Maxwell's patent armour {-Cast -Tele rElec
                  | MR+ rCorr}
    35 | D        | Found the +18 shield of the Gong {rElec rN+ MR+ EV-5}
    35 | D        | Found the cursed +14 obsidian axe {chop, +Fly SInv *Curse}
    60 | D        | Reached skill level 5 in Fighting
    60 | D        | Reached skill level 5 in Long Blades
    60 | D        | Reached skill level 5 in Dodging
    60 | D        | Reached skill level 5 in Spellcasting
    60 | D        | Reached skill level 1 in Conjurations
    60 | D        | Reached skill level 1 in Hexes
    60 | D        | Reached skill level 1 in Summonings
    60 | D        | Reached skill level 1 in Necromancy
    60 | D        | Reached skill level 1 in Translocations
    60 | D        | Reached skill level 1 in Transmutations
    60 | D        | Reached skill level 1 in Fire Magic
    60 | D        | Reached skill level 1 in Ice Magic
    60 | D        | Reached skill level 1 in Air Magic
    60 | D        | Reached skill level 1 in Earth Magic
    60 | D        | Reached skill level 1 in Poison Magic
    60 | D        | Reached XP level 2. HP: 27/27 MP: 6/8
    97 | D        | Became a worshipper of Warmaster Okawaru
   110 | D        | Entered arena 2.
   110 | D        | Noticed a scorpion
   110 | D        | Noticed a scorpion
   110 | D        | Found a transporter.
   112 | D        | Killed a scorpion
   112 | D        | Reached XP level 3. HP: 33/33 MP: 10/10
   115 | D        | Killed a scorpion
   115 | D        | Reached XP level 4. HP: 25/40 MP: 12/12
   281 | D        | Got the cursed +0 leather armour of the Snake Pit {rC+
                  | Regen+}
   299 | D        | Learned a level 2 spell: Song of Slaying
   302 | D        | Learned a level 2 spell: Shroud of Golubria
   306 | D        | Learned a level 3 spell: Regeneration
   310 | D        | Learned a level 3 spell: Spectral Weapon
   310 | D        | Entered arena 3.
   310 | D        | Noticed a tarantella
   310 | D        | Found a transporter.
   311 | D        | Found the +10 zealot's sword {holy, *Rage rN+ EV+3}
   313 | D        | Reached * piety under Okawaru
   313 | D        | Reached XP level 5. HP: 40/46 MP: 8/13
   314 | D        | Killed a tarantella
   314 | D        | Reached skill level 5 in Armour
   314 | D        | Reached skill level 5 in Invocations
   314 | D        | Reached XP level 6. HP: 47/53 MP: 7/15
   322 | D        | Got the amulet "Ved Geithrasch" {+Rage Str+4}
   384 | D        | Entered arena 4.
   384 | D        | Found a transporter.
   389 | D        | Reached skill level 5 in Short Blades
   389 | D        | Reached skill level 5 in Axes
   389 | D        | Reached skill level 5 in Maces & Flails
   389 | D        | Reached skill level 5 in Polearms
   389 | D        | Reached skill level 5 in Staves
   389 | D        | Reached skill level 5 in Slings
   389 | D        | Reached skill level 5 in Bows
   389 | D        | Reached skill level 5 in Crossbows
   389 | D        | Reached skill level 5 in Throwing
   389 | D        | Reached skill level 5 in Stealth
   389 | D        | Reached skill level 5 in Shields
   389 | D        | Reached skill level 5 in Unarmed Combat
   389 | D        | Reached skill level 5 in Evocations
   392 | D        | Reached XP level 7. HP: 51/59 MP: 12/17
   522 | D        | Entered arena 5.
   522 | D        | Noticed a toenail golem
   522 | D        | Noticed a toenail golem
   522 | D        | Noticed a toenail golem
   522 | D        | Noticed a toenail golem
   522 | D        | Found a transporter.
   531 | D        | Killed a toenail golem
   531 | D        | Reached ** piety under Okawaru
   534 | D        | Killed a toenail golem
   534 | D        | Reached skill level 5 in Conjurations
   534 | D        | Reached skill level 5 in Hexes
   534 | D        | Reached skill level 5 in Summonings
   534 | D        | Reached skill level 5 in Necromancy
   534 | D        | Reached skill level 5 in Translocations
   534 | D        | Reached skill level 5 in Transmutations
   534 | D        | Reached skill level 5 in Fire Magic
   534 | D        | Reached skill level 5 in Ice Magic
   534 | D        | Reached skill level 5 in Air Magic
   534 | D        | Reached skill level 5 in Earth Magic
   534 | D        | Reached skill level 5 in Poison Magic
   534 | D        | Reached XP level 8. HP: 37/68 MP: 10/20
   539 | D        | Killed a toenail golem
   539 | D        | Reached *** piety under Okawaru
   541 | D        | Killed a toenail golem
   541 | D        | Reached XP level 9. HP: 14/75 MP: 9/21
   642 | D        | Got the +1 dagger "Imasch" {pierce, SInv}
   645 | D        | Entered arena 6.
   645 | D        | Found a transporter.
   685 | D        | Entered arena 7.
   685 | D        | Noticed a merfolk
   685 | D        | Noticed a cyclops
   685 | D        | Noticed a merfolk
   685 | D        | Noticed a merfolk
   686 | D        | Found a transporter.
   691 | D        | Killed a merfolk
   696 | D        | Killed a merfolk
   696 | D        | Reached **** piety under Okawaru
   701 | D        | Killed a cyclops
   701 | D        | Received a gift from Okawaru
   703 | D        | Slain by a merfolk

Levels and vault maps discovered:
D:        sprint_v [room_start, room_1, room_2, room_3, room_4, room_5, room_6,
          room_7, room_8, room_9, room_10, room_11, room_12, room_13, room_14,
          room_15, room_16, room_17, room_18, room_19, room_20, room_21,
          room_22, room_23, room_24, room_25, room_26, room_27]

Skill      XL: |  1  2  3  4  5  6  7  8  9 |
---------------+----------------------------+-----
Fighting       | 5 6 7 8 9 |  9.2
Short Blades   | 2 3 4 5 6 7 8 |  8.0
Long Blades    | 5 6 7 8 9 |  9.2
Axes           | 2 3 4 5 6 7 8 |  8.0
Maces & Flails | 2 3 4 5 6 7 8 |  8.0
Polearms       | 2 3 4 5 6 7 8 |  8.0
Staves         | 2 3 4 5 6 7 8 |  8.0
Slings         | 2 3 4 5 6 7 8 |  8.0
Bows           | 2 3 4 5 6 7 8 |  8.0
Crossbows      | 2 3 4 5 6 7 8 |  8.0
Throwing       | 2 3 4 5 6 7 8 |  8.0
Armour         | 3 4 5 6 7 8 |  8.4
Dodging        | 5 6 7 8 9 |  9.2
Stealth        | 2 3 4 5 6 7 8 |  8.0
Shields        | 2 3 4 5 6 7 8 |  8.0
Unarmed Combat | 2 3 4 5 6 7 8 |  8.0
Spellcasting   | 5 6 7 8 9 |  9.5
Conjurations   | 1 2 3 4 5 6 |  6.6
Hexes          | 1 2 3 4 5 6 |  6.6
Summonings     | 1 2 3 4 5 6 |  6.6
Necromancy     | 1 2 3 4 5 6 |  6.6
Translocations | 1 2 3 4 5 6 |  6.6
Transmutations | 1 2 3 4 5 6 |  6.6
Fire Magic     | 1 2 3 4 5 6 |  6.6
Ice Magic      | 1 2 3 4 5 6 |  6.6
Air Magic      | 1 2 3 4 5 6 |  6.6
Earth Magic    | 1 2 3 4 5 6 |  6.6
Poison Magic   | 1 2 3 4 5 6 |  6.6
Invocations    | 2 3 4 5 7 8 |  8.7
Evocations     | 2 3 4 5 6 7 8 |  8.0
Charms         | 6 7 8 |  8.7

Action                   |  1- 3 |  4- 6 |  7- 9 || total
-------------------------+-------+-------+-------++-------
Melee: Triple sword      |     4 |     8 |    26 ||    38
       Bite              |       |     2 |    12 ||    14
 Cast: Infusion          |       |     2 |     3 ||     5
       Song of Slaying   |       |     2 |     3 ||     5
       Shroud of Golubri |       |       |     3 ||     3
       Regeneration      |       |       |     1 ||     1
       Spectral Weapon   |       |       |     1 ||     1
 Abil: Evoke Berserk Rag |       |       |     1 ||     1
  Use: Potion            |     1 |       |       ||     1
       Scroll            |       |     1 |       ||     1
Armor: Plate armour      |     5 |       |       ||     5
       Leather armour    |       |     2 |     6 ||     8
       Quicksilver drago |       |       |     9 ||     9
Dodge: Dodged            |       |     7 |    83 ||    90
       Rpst.: Triple sword |       |     3 |    17 ||    20
